 Dungeon Crawl Stone Soup version 0.23-a0-373-g305c090 (webtiles) character file.

19851 BingusPrime the Covert (level 12, -3/83 HPs)
             Began as an Octopode Assassin on Oct 25, 2018.
             Was an Elder of Dithmenos.
             Slain by a demonic crawler (9 damage)
             ... on level 2 of the Lair of Beasts.
             The game lasted 01:44:21 (19229 turns).

BingusPrime the Covert (Octopode Assassin)         Turns: 19229, Time: 01:44:22

Health: -3/83      AC:  3    Str: 11    XL:     12   Next: 73%
Magic:  12/12      EV: 13    Int: 13    God:    Dithmenos [****..]
Gold:   445        SH:  0    Dex: 18    Spells: 11/11 levels left

rFire    . . .     SeeInvis .   G - +4 blowgun
rCold    . . .     Gourm    .   (no shield)
rNeg     . . .     Faith    .   K - +2 hat
rPois    .         Spirit   .   F - amulet of regeneration
rElec    .         Reflect  .   l - ring of wizardry
rCorr    .         Harm     .   o - +5 ring of evasion
MR       .....                  B - ring of stealth
Stlth    ++++++++++             (no ring)
HPRegen  0.63/turn              (no ring)
MPRegen  0.13/turn              (no ring)
                                (no ring)
                                (no ring)

@: about to teleport, held, wreathed by umbra
A: almost no armour, stealthy swim, amphibious, 8 rings, constrict 8, camouflage
1, gelatinous body 1
a: Shadow Step, Renounce Religion


You were on level 2 of the Lair of Beasts.
You worshipped Dithmenos.
Dithmenos was greatly pleased with you.
You were hungry.

You visited 4 branches of the dungeon, and saw 16 of its levels.
You also visited: Sewer.

You collected 701 gold pieces.
You spent 256 gold pieces at shops.

Inventory:

Hand Weapons
 a - a +3 dagger
 d - a +3 falchion
 p - a +2 antimagic dagger
 G - a +4 blowgun (weapon)
Missiles
 m - 30 poisoned needles (quivered)
 n - 343 stones
 y - 13 tomahawks
Armour
 x - a +1 hat
 K - a +2 hat (worn)
Magical Staves
 L - an uncursed staff of conjuration
Jewellery
 l - a ring of wizardry (left tentacle)
 o - a +5 ring of evasion (right tentacle)
 B - a ring of stealth (on tentacle)
 F - an amulet of regeneration (around mantle)
 M - an uncursed amulet of faith
Wands
 i - a wand of iceblast (5)
 v - a wand of polymorph (8)
 A - a wand of paralysis (40)
 E - a wand of flame (38)
Scrolls
 b - 5 scrolls of enchant weapon
 c - 2 scrolls of amnesia
 j - 3 scrolls of remove curse
 w - 2 scrolls of enchant armour {unknown}
 C - a scroll of blinking {unknown}
 D - a scroll of fear {unknown}
 H - a scroll of fog {unknown}
 I - a scroll of magic mapping {unknown}
Potions
 e - 3 potions of curing
 g - a potion of cancellation
 h - 6 potions of flight
 k - 6 potions of heal wounds
 q - 3 potions of resistance
 r - a potion of mutation
 s - a potion of ambrosia
 t - 5 potions of lignification
 u - a potion of haste {unknown}
 z - a potion of agility
Comestibles
 f - 13 rations


   Skills:
 + Level 8.2 Fighting
 + Level 7.4 Short Blades
 - Level 0.3(4.5) Long Blades
   Level 0.5(7.5) Slings
 + Level 11.6 Throwing
 * Level 10.2 Dodging
 * Level 13.3 Stealth
 + Level 1.1 Evocations


You had 11 spell levels left.
You didn't know any spells.
Your spell library contained the following spells:

 Spells                   Type           Power        Failure   Level  Hunger
 Shock                    Conj/Air       #...         12%         1    ##.....
 Summon Small Mammal      Summ           #...         12%         1    ##.....
 Call Imp                 Summ           #.......     19%         2    ###....
 Swiftness                Chrm/Air       #.......     19%         2    ###....
 Call Canine Familiar     Summ           #.......     34%         3    ####...
 Spider Form              Tmut/Pois      #.........   34%         3    ####...
 Static Discharge         Conj/Air       #.......     34%         3    ####...
 Summon Guardian Golem    Hex/Summ       #.......     34%         3    ####...
 Airstrike                Air            #.........   73%         4    #####..
 Summon Ice Beast         Ice/Summ       #.......     73%         4    #####..
 Summon Lightning Spire   Summ/Air       #.......     73%         4    #####..
 Alistair's Intoxication  Tmut/Pois      #.......     96%         5    ######.
 Lightning Bolt           Conj/Air       #.........   96%         5    ######.
 Summon Hydra             Summ           #.........   100%        7    #######


Dungeon Overview and Level Annotations

Branches:
Dungeon (10/15)            Temple (1/1) D:6            Lair (4/6) D:10
  Swamp (0/4) Lair:2       Spider (1/4) Lair:2          Orc (0/2) D:10

Altars:
Ashenzari
Cheibriados
Dithmenos
Elyvilon
Fedhas
Gozag
Hepliaklqana
Kikubaaqudgha
Makhleb
Okawaru
Qazlal
Ru
Sif Muna
Trog
Uskayaw
Vehumet
Wu Jian
Xom
Yredelemnul
Zin
The Shining One

Shops:
D:7 :   D:8 !

Annotations:
Lair:2 3 runed doors, Anathematize's ghost, journeyman DgFE


Innate Abilities, Weirdness & Mutations

You cannot wear most types of armour.
You are very stealthy in the water. (Stealth+)
You are amphibious.
You can wear up to eight rings at the same time.
You can use your tentacles to constrict eight enemies at once.
Your skin changes colour to match your surroundings (Stealth+).
Your rubbery body absorbs attacks. (AC +1, EV +1)


Message History

The demonic crawler closely misses you. The demonic crawler hits you. x2
The demonic crawler misses you. The demonic crawler hits you.
* * * LOW HITPOINT WARNING * * *
The demonic crawler hits you.
* * * LOW HITPOINT WARNING * * *
You feel much better. The demonic crawler hits you.
The demonic crawler hits you! The demonic crawler hits you. x2
The demonic crawler barely misses you. x2
Firing (i - inventory)
m - 31 poisoned needles (quivered)
Press: ? - help, Shift-Dir - straight line, f/p - demonic crawler
Aim: a demonic crawler (lightly wounded, umbra)
You shoot a poisoned needle.
The poisoned needle hits the demonic crawler!!
The demonic crawler is lightly wounded.
The demonic crawler hits you!
* * * LOW HITPOINT WARNING * * *
The demonic crawler closely misses you. The demonic crawler hits you!
* * * LOW HITPOINT WARNING * * *
The demonic crawler hits you!
You die...

##............P.#.....#...
#P.#...##...........P.+...
##.........###......'.....
##....###.....##.....#.#...
#.#....###....^.#....#.....
##.....^.^#...^##..........
#P......^^^...#.......##..
##......^ss..^......#.....
#.......^@^#........P..P..
##.....^.^##......<..P.#..
#.....#.##.........#..#..
#.....###..........+..#..
#...^.###......P#.......#
##.....#.................
##...##.............#.##
##..)....###.....######
#.###....P####P..#


You could see 2 demonic crawlers.

Vanquished Creatures
  3 two-headed ogres
  Pikel (D:8)
  2 black mambas
  5 elephants (Lair:2)
  A centaur skeleton (D:10)
  2 spiny frogs
  5 komodo dragons
  2 trolls
  A hippogriff (Lair:2)
  9 blink frogs
  A redback (Lair:2)
  A wyvern (D:7)
  A human (D:3)
  18 yaks
  4 basilisks
  A steam dragon (D:7)
  6 water moccasins
  2 porcupines
  Duvessa (D:7)
  3 sky beasts
  5 orc warriors (D:10)
  A slave (D:8)
  3 ice beasts
  A black bear (D:9)
  3 phantoms
  3 ogres
  A necrophage (D:7)
  4 centaurs
  5 crocodiles (Lair:1)
  6 big kobolds
  10 bullfrogs
  5 gnoll sergeants (D:10)
  Dowan (D:7)
  5 scorpions
  10 killer bees
  5 wights (D:9)
  2 electric eels (D:7)
  4 crimson imps
  A centaur zombie (D:7)
  2 bullfrog zombies
  2 quasits
  2 hounds
  5 orc priests
  4 bullfrog skeletons
  2 jellies
  7 orc wizards
  3 iguanas
  A gnoll shaman (D:3)
  7 worker ants
  A killer bee zombie (D:9)
  A hound skeleton (D:3)
  A worker ant zombie (D:7)
  Robin (D:3)
  9 gnolls
  A howler monkey skeleton (D:8)
  11 adders
  A river rat (Sewer)
  3 shadow imps
  An adder skeleton (D:7)
  3 worms
  3 dart slugs
  3 leopard geckos
  52 orcs
  4 ball pythons
  13 giant cockroaches
  12 hobgoblins
  13 jackals
  21 kobolds
  3 quokkas
  10 bats
  6 frilled lizards
  14 goblins
  2 leopard gecko skeletons
  A leopard gecko zombie (D:7)
  8 rats
  3 plants
380 creatures vanquished.

Vanquished Creatures (others)
  2 slaves (D:8)
  A howler monkey (D:8)
  A worker ant (D:8)
  A leopard gecko (D:8)
  An orc (D:8)
  2 fungi (Lair:1)
  2 plants (Lair:1)
10 creatures vanquished.

Grand Total: 390 creatures vanquished

Notes
Turn   | Place    | Note
-------+----------+-------------------------------------------
     0 | D:1      | BingusPrime the Octopode Assassin began the quest for the
                  | Orb.
     0 | D:1      | Reached XP level 1. HP: 14/14 MP: 1/1
   174 | D:1      | Reached XP level 2. HP: 17/19 MP: 2/2
   325 | D:1      | Reached skill level 6 in Stealth
   775 | D:1      | Reached XP level 3. HP: 17/24 MP: 3/3
  1471 | D:2      | Reached XP level 4. HP: 29/29 MP: 4/4
  2434 | D:3      | Reached XP level 5. HP: 31/35 MP: 5/5
  2575 | D:3      | Noticed Robin
  2589 | D:3      | Killed Robin
  2820 | D:3      | Found a sacrificial altar of Ru.
  3086 | D:3      | Found a runed door.
  3086 | D:3      | Noticed a human
  3089 | D:3      | Found a basalt altar of Yredelemnul.
  3218 | D:3      | Killed a human
  3218 | D:3      | Reached skill level 7 in Stealth
  3218 | D:3      | Reached XP level 6. HP: 27/41 MP: 2/6
  3590 | D:4      | Reached XP level 7. HP: 45/45 MP: 2/7
  4287 | D:4      | Reached skill level 5 in Throwing
  4549 | D:4      | Found a glowing golden altar of the Shining One.
  4979 | D:5      | Entered Level 5 of the Dungeon
  5218 | D:5      | Reached skill level 8 in Stealth
  5236 | D:5      | Reached XP level 8. HP: 30/52 MP: 5/8
  5698 | D:5      | Found a blossoming altar of Fedhas.
  5699 | D:5      | Found a stormy altar of Qazlal.
  6511 | D:6      | Found a glowing drain.
  6530 | Sewer    | Entered a sewer
  6687 | Sewer    | Found a glowing silver altar of Zin.
  7171 | D:6      | Found a staircase to the Ecumenical Temple.
  7190 | Temple   | Entered the Ecumenical Temple
  7281 | Temple   | Became a worshipper of Dithmenos the Shadowed
  7502 | D:7      | Found Nustunk's Book Boutique.
  7944 | D:7      | Reached skill level 9 in Stealth
  8026 | D:7      | Reached XP level 9. HP: 27/58 MP: 9/9
  8361 | D:7      | Noticed Duvessa
  8374 | D:7      | Noticed Dowan
  8383 | D:7      | Killed Duvessa
  8400 | D:7      | Killed Dowan
  8442 | D:7      | Reached * piety under Dithmenos
  8716 | D:7      | Found a snail-covered altar of Cheibriados.
  8716 | D:7      | Found a faded altar of an unknown god.
  8721 | D:7      | Found a faded altar of an unknown god.
  8723 | D:7      | Found a burning altar of Makhleb.
  8725 | D:7      | Found a shimmering altar of Xom.
  8861 | D:7      | Reached skill level 5 in Dodging
  9859 | D:8      | Found Diegu's Distillery.
  9896 | D:7      | Reached skill level 10 in Stealth
 10004 | D:8      | Noticed Pikel
 10017 | D:8      | Killed Pikel
 10017 | D:8      | Reached skill level 5 in Fighting
 10017 | D:8      | Reached skill level 5 in Short Blades
 10017 | D:8      | Reached XP level 10. HP: 51/65 MP: 10/10
 10047 | D:8      | Noticed a two-headed ogre
 10053 | D:8      | Identified the Handbook of the Toxic Entourage
 10088 | D:8      | Killed a two-headed ogre
 10404 | D:8      | Bought 2 potions of heal wounds for 160 gold pieces
 10404 | D:8      | Bought 2 potions of lignification for 96 gold pieces
 11086 | D:8      | Reached ** piety under Dithmenos
 11717 | D:9      | Reached skill level 11 in Stealth
 12247 | D:10     | Entered Level 10 of the Dungeon
 12620 | D:10     | Reached skill level 10 in Throwing
 12620 | D:10     | Reached XP level 11. HP: 56/72 MP: 11/11
 12689 | D:10     | Reached *** piety under Dithmenos
 12706 | D:10     | Noticed a two-headed ogre
 12761 | D:10     | Killed a two-headed ogre
 13172 | D:10     | Found a staircase to the Orcish Mines.
 13633 | D:10     | Found a staircase to the Lair.
 13683 | D:10     | Noticed a two-headed ogre
 13705 | D:10     | Killed a two-headed ogre
 13705 | D:10     | Reached skill level 12 in Stealth
 13705 | D:10     | Reached skill level 1 in Evocations
 14147 | Lair:1   | Entered Level 1 of the Lair of Beasts
 14381 | Lair:1   | Reached **** piety under Dithmenos
 15461 | Lair:1   | Reached XP level 12. HP: 72/81 MP: 12/12
 16040 | Lair:2   | Noticed Anathematize's ghost (journeyman DgFE)
 16356 | Lair:2   | Found a hole to the Spider Nest.
 16606 | Lair:2   | Found a staircase to the Swamp.
 16693 | Lair:2   | Found a runed gate.
 16693 | Lair:2   | Found a runed gate.
 16750 | Lair:2   | Reached skill level 13 in Stealth
 16888 | Lair:2   | Found a runed gate.
 18245 | Lair:3   | Reached skill level 10 in Dodging
 19119 | Lair:4   | Noticed a death yak
 19211 | Spider:1 | Entered Level 1 of the Spider Nest
 19229 | Lair:2   | Slain by a demonic crawler

Vault maps used:
D:1:      minmay_arrival_open_corners, serial_co_window_serial,
          co_window_of_opportunity_a, co_window_paths_b,
          co_window_of_opportunity_a, co_window_paths_b, co_window_cross_1,
          co_window_2corner, co_window_unsneaky_path_e, co_window_broadway_b,
          co_window_cross_3, co_window_of_opportunity_c, co_window_paths_d,
          glass_columns_a, glass_columns_b, glass_columns_a
D:3:      overflow_temple_1_default, first_ration, dk_vineyard_2,
          serial_bayou_pond_d, dk_yredelemnul_ordeal, uniq_robin
D:4:      tso_oasis_becter, minmay_strange_pillars
D:5:      grunt_temple_overflow_forces_of_nature, kennysheep_minor_cross,
          kennysheep_nondescript
D:6:      minmay_temple_entry_glass, cheibrodos_sewer_entry_sluice
D:7:      chequers_temple_overflow_minitemple, serial_shops, shop,
          minmay_misc_feat_four_crosses, minivault_14, uniq_duvessa
D:8:      serial_shops, shop, uniq_pikel
D:10:     david_lair_shrubbed, kennysheep_orc_monster_closet_entryway
Temple:   jpeg_temple_clearing
Lair:1:   beast_lair_carwin_5
Lair:2:   minmay_swamp_entry_worms, spider_nest_entry_webs, gammafunk_ghost_icy,
          chequers_serial_rivers_large_a
Lair:3:   grunt_megastairs_5
Lair:4:   st_stairs_13
Sewer:    sewer_kobolds

Skill      XL: |  1  2  3  4  5  6  7  8  9 10 11 12 |
---------------+-------------------------------------+-----
Stealth        | 6 7 8 9 10 11 12 13 | 13.3
Throwing       | 3 4 5 6 8 10 11 | 11.6
Dodging        | 2 3 4 5 7 8 10 | 10.2
Short Blades   | 3 4 5 6 7 |  7.4
Fighting       | 3 4 5 6 7 8 |  8.2
Evocations     | 1 |  1.1
Long Blades    | |  0.3
Slings         | |  0.5

Action                   |  1- 3 |  4- 6 |  7- 9 | 10-12 || total
-------------------------+-------+-------+-------+-------++-------
Melee: Dagger            |    39 |   102 |   359 |   472 ||   972
       Constrict         |    11 |    23 |    65 |    58 ||   157
       Tentacles         |    11 |    22 |    80 |   147 ||   260
       Falchion          |       |       |     8 |    12 ||    20
 Fire: Blowgun           |    53 |    35 |   105 |   372 ||   565
       Hunting sling     |       |       |    10 |       ||    10
Throw: Tomahawk          |     2 |    66 |    92 |   141 ||   301
       Throwing net      |       |     1 |       |       ||     1
       Stone             |       |       |    31 |    11 ||    42
Evoke: Wand              |       |       |     1 |     6 ||     7
  Use: Scroll            |       |     7 |    10 |     8 ||    25
       Potion            |       |       |     1 |     4 ||     5
 Stab: Sleeping          |     5 |     4 |     2 |     2 ||    13
       Distracted        |       |     3 |       |     1 ||     4
       Paralysed         |       |       |     1 |       ||     1
  Eat: Chunk             |     2 |     6 |    16 |    14 ||    38
       Ration            |       |       |     1 |     4 ||     5
Armor: Skin              |     1 |     6 |    10 |    15 ||    32
Dodge: Dodged            |    21 |    39 |   260 |   696 ||  1016
       Rpst.: Falchion   |       |       |     4 |     4 ||     8

Table legend:
 A = Non-vault XP
 B = Vault XP
 C = Vault XP percentage of total XP
 D = Non-vault monster count
 E = Vault monster count
 F = Vault count percentage of total count
                 A         B        C        D         E       F
            +---------+---------+-------+---------+---------+-------
      Total |   22447 |    5912 |  20.8 |     315 |      61 |  16.2
            +---------+---------+-------+---------+---------+-------
        D:1 |      40 |       0 |   0.0 |      26 |       0 |   0.0
        D:2 |      79 |       0 |   0.0 |      21 |       0 |   0.0
        D:3 |     170 |     243 |  58.8 |      38 |      12 |  24.0
        D:4 |     451 |       0 |   0.0 |      22 |       0 |   0.0
        D:5 |     498 |       0 |   0.0 |      23 |       0 |   0.0
        D:6 |     283 |      10 |   3.4 |       6 |       4 |  40.0
        D:7 |    1860 |     224 |  10.7 |      48 |       2 |   4.0
        D:8 |    1217 |     629 |  34.1 |      17 |       1 |   5.6
        D:9 |    1721 |       0 |   0.0 |      33 |       0 |   0.0
       D:10 |    4716 |    1971 |  29.5 |      33 |      20 |  37.7
     Lair:1 |    3263 |    1247 |  27.6 |      17 |       7 |  29.2
     Lair:2 |    6880 |     220 |   3.1 |      25 |       1 |   3.8
     Lair:3 |    1269 |    1244 |  49.5 |       6 |       5 |  45.5
      Sewer |       0 |     124 | 100.0 |       0 |       9 | 100.0
            +---------+---------+-------+---------+---------+-------
